 Dungeon Crawl Stone Soup version 0.18-a0-1782-gb76a692 (webtiles) character file.

13464 zxpr0jk the Covert (level 11, -8/93 HPs)
             Began as a Grey Draconian Ice Elementalist on Apr 17, 2016.
             Was a Believer of Dithmenos.
             Mangled by a wolf (12 damage)
             ... on level 1 of the Lair of Beasts.
             The game lasted 00:40:06 (10703 turns).

zxpr0jk the Covert (DrIE)                          Turns: 10703, Time: 00:40:06

Health: -8/93      AC: 22    Str: 17    XL:     11   Next: 75%
Magic:  16/16      EV: 12    Int: 15    God:    Dithmenos [**....]
Gold:   672        SH:  0    Dex: 15    Spells: 3 memorised, 12 levels left

rFire  . . .     SeeInvis .     g - +7 rapier of Rarieg {pierce, Str+6}
rCold  . . .     Gourm    .     (armour unavailable)
rNeg   . . .     Faith    .     (no shield)
rPois  .         Spirit   .     (helmet restricted)
rElec  .         Dismiss  .     (no cloak)
rCorr  .         Reflect  .     (no gloves)
SustAt .         Harm     .     (no boots)
MR     .....                    y - amulet of rage
Stlth  ++++++....               z - +4 ring of protection
                                (no ring)

@: lethally poisoned (-8 -> -30), icy armour, about to teleport, wreathed by
umbra, slow, not resistant to hostile enchantments, very stealthy
A: walk through water, unfitting armour, blurry vision 1, low mp 1, mutation
resistance 1, unbreathing, cold-blooded, AC +12
a: Shadow Step, Renounce Religion, Evoke Berserk Rage


You were on level 1 of the Lair of Beasts.
You worshipped Dithmenos.
Dithmenos was pleased with you.
You were very hungry.

You visited 3 branches of the dungeon, and saw 13 of its levels.

You collected 672 gold pieces.

Inventory:

Hand Weapons
 d - a +1 dagger of electrocution
 e - a +3 great sword
 g - the +7 rapier of Rarieg (weapon) {pierce, Str+6}
   (You acquired it on level 10 of the Dungeon)

   It inflicts extra damage upon your enemies.
   It affects your strength (+6).
Missiles
 G - 9 tomahawks (quivered)
Jewellery
 v - an uncursed ring of fire
 y - an amulet of rage (around neck)
 z - a +4 ring of protection (right hand)
Wands
 r - a wand of iceblast (12/15)
 s - a wand of teleportation (0/9)
 A - a wand of slowing (27/48)
 E - a wand of confusion (33/48)
Scrolls
 h - 2 scrolls of identify
 i - a scroll of fog
 m - a scroll of magic mapping
 n - 2 scrolls of amnesia
 o - 3 scrolls of teleportation
 u - 3 scrolls of blinking
 x - a scroll of fear
Potions
 k - 5 potions of flight
 H - 2 potions of resistance
Books
 a - a book of Frost

   Spells                             Type                      Level
   a - Freeze                         Ice                          1
   b - Throw Frost                    Conjuration/Ice              2
   c - Ozocubu's Armour               Charms/Ice                   3
   d - Throw Icicle                   Conjuration/Ice              4
   e - Summon Ice Beast               Ice/Summoning                4
 l - a book of Alchemy

   Spells                             Type                      Level
   a - Sublimation of Blood           Necromancy                   2
   b - Ignite Poison                  Fire/Transmutation/Poison    3
   c - Petrify                        Transmutation/Earth          4
   d - Alistair's Intoxication        Transmutation/Poison         5
   e - Irradiate                      Conjuration/Transmutation    5
Comestibles
 b - 7 bread rations
 j - 5 meat rations


   Skills:
 - Level 7.7 Fighting
 + Level 10.2(10.5) Short Blades
 - Level 4.0(7.7) Long Blades
 - Level 1.7 Dodging
 - Level 11.9 Stealth
 - Level 5.0 Spellcasting
   Level 1.0 Conjurations
 - Level 8.1 Ice Magic


You had 12 spell levels left.
You knew the following spells:

 Your Spells              Type           Power        Failure   Level  Hunger
a - Freeze                Ice            ####         1%          1    None
b - Ozocubu's Armour      Chrm/Ice       ###.....     12%         3    ###....
c - Summon Ice Beast      Ice/Summ       ###.....     34%         4    ####...


Dungeon Overview and Level Annotations

Branches:
Dungeon (11/15)            Temple (1/1) D:4            Lair (1/8) D:11
    Orc (0/2) D:9

Altars:
Ashenzari
Cheibriados
Dithmenos
Elyvilon
Fedhas
Gozag
Kikubaaqudgha
Makhleb
Nemelex Xobeh
Okawaru
Pakellas
Qazlal
Ru
Sif Muna
Trog
Vehumet
Xom
Yredelemnul
Zin
The Shining One

Annotations:
D:11 haplo13's ghost, journeyman CeHu


Innate Abilities, Weirdness & Mutations

You can walk through water.
Your dull iron-grey scales are very hard (AC +12).
Your body does not fit into most forms of armour.
You can survive without breathing.
You are cold-blooded and may be slowed by cold attacks.
Scrolls take you a little longer to read.
Your magical capacity is low (-10% MP).
You are somewhat resistant to further mutation.


Message History

The wolf bites you but does no damage. The wolf completely misses you.
* * * LOW HITPOINT WARNING * * *
You feel very sick.
The wolf stops to sniff the ground.
The wolf barely misses you.
The spiny frog stings you but does no damage.
The wolf closely misses you.
Your ice beast hits the wolf but does no damage.
The wolf bites you but does no damage.
The spiny frog stings you but does no damage.
Evoke which item? (* to show all) (? for menu, Esc to quit)
Okay, then.
Evoke which item? (* to show all) (? for menu, Esc to quit)
Zapping:
s - a wand of teleportation {zapped: 2} (will waste charges)
Press: ? - help, Shift-Dir - straight line, f - you, p - spiny frog You feel strangely unstable.
Evoking this partially-identified wand wasted a few charges.
* * * LOW HITPOINT WARNING * * *
You feel sick. The wolf bites you!
You die...

#.##+#.##..........#.....#
#
............P.......P.....#
............#.............#
....................#######
............#.P.###+#
....................#
..########.......Y..# ..
##.....Fhh..# #....###@#.##
##...# ### #..h# #.l.#
#...# #...#
.#.######...##.#
........%........
...........$..(..


You could see a spiny frog, 2 wolves and a friendly ice beast.

Vanquished Creatures
  5 skeletal warriors (D:10)
  2 hill giants
  An ugly thing (D:11)
  A spiny frog (D:11)
  A komodo dragon (Lair:1)
  A kobold demonologist (D:9)
  A troll (D:9)
  Sigmund (D:4)
  6 yaks (D:9)
  2 wyverns
  5 hippogriffs
  Edmund (D:4)
  2 sky beasts (D:7)
  2 orc warriors
  An ice beast (D:11)
  2 phantoms
  2 ogres
  A black bear (D:10)
  A necrophage (D:10)
  2 wasps
  2 wolves (Lair:1)
  10 centaurs
  5 big kobolds
  5 giant frogs
  A wyvern zombie (D:11)
  2 wyvern skeletons
  2 scorpions
  11 wights
  A howler monkey (D:10)
  2 electric eels (D:10)
  8 crimson imps
  2 centaur zombies
  3 giant frog skeletons
  A quasit (D:10)
  5 hounds
  2 jellies
  2 orc priests
  11 orc wizards
  6 iguanas
  Jessica (D:3)
  5 worker ants
  A hound skeleton (D:7)
  6 gnolls
  7 adders
  2 shadow imps
  2 oozes
  2 adder skeletons
  3 worms
  3 dart slugs
  3 giant geckos
  26 orcs
  12 bats
  8 giant cockroaches
  7 goblins
  13 hobgoblins
  16 jackals
  54 kobolds
  6 quokkas
  3 ball pythons
  4 giant newts
  2 quokka skeletons
  12 rats
319 creatures vanquished.

Vanquished Creatures (others)
  An orc (D:10)
1 creature vanquished.

Grand Total: 320 creatures vanquished

Notes
Turn   | Place    | Note
--------------------------------------------------------------
     0 | D:1      | zxpr0jk the Draconian Ice Elementalist began the quest for the Orb.
     0 | D:1      | Reached XP level 1. HP: 14/14 MP: 3/3
    77 | D:1      | Reached XP level 2. HP: 8/20 MP: 5/5
   806 | D:2      | Found an ancient bone altar of Kikubaaqudgha.
   809 | D:2      | Reached XP level 3. HP: 26/26 MP: 6/6
  1077 | D:2      | Reached XP level 4. HP: 28/33 MP: 8/8
  1283 | D:2      | Found an opulent altar of Gozag.
  1871 | D:3      | Found a sparkling altar of Nemelex Xobeh.
  1871 | D:3      | Noticed Jessica
  1879 | D:3      | Killed Jessica
  1879 | D:3      | Reached XP level 5. HP: 38/38 MP: 9/9
  2133 | D:3      | Reached skill level 5 in Ice Magic
  2196 | D:3      | Reached XP level 6. HP: 22/45 MP: 11/11
  3281 | D:4      | Your scales start taking on a dull iron-grey colour.
  3281 | D:4      | Reached XP level 7. HP: 50/50 MP: 13/13
  3281 | D:4      | Gained mutation: You can survive without breathing. [Grey Draconian growth]
  3342 | D:4      | Found a stormy altar of Qazlal.
  3425 | D:4      | Found a staircase to the Ecumenical Temple.
  3442 | Temple   | Entered the Ecumenical Temple
  3551 | D:4      | Found a sparkling altar of Nemelex Xobeh.
  3672 | D:4      | Found a shattered altar of Ashenzari.
  3822 | D:4      | Noticed Sigmund
  3828 | D:4      | Learned a level 3 spell: Ozocubu's Armour
  3853 | D:4      | Killed Sigmund
  3873 | D:4      | Noticed Edmund
  3890 | D:4      | Killed Edmund
  3906 | D:4      | Reached skill level 11 in Stealth
  3906 | D:4      | Reached XP level 8. HP: 44/57 MP: 15/15
  4055 | D:5      | Entered Level 5 of the Dungeon
  4141 | D:5      | Found a glowing golden altar of the Shining One.
  4730 | D:6      | Reached skill level 5 in Spellcasting
  4815 | D:6      | Reached XP level 9. HP: 49/62 MP: 14/16
  4822 | D:6      | Reached skill level 1 in Short Blades
  4839 | D:6      | Found a blossoming altar of Fedhas.
  5014 | D:6      | Reached skill level 1 in Fighting
  5162 | D:6      | Found a glowing silver altar of Zin.
  5902 | D:7      | Found a bloodstained altar of Trog.
  6031 | D:7      | Gained mutation: You are somewhat resistant to further mutation. [mutagenic meat]
  6454 | D:7      | Gained mutation: Your magical capacity is low (-10% MP). [mutagenic meat]
  6455 | D:7      | Gained mutation: Scrolls take you a little longer to read. [mutagenic meat]
  6611 | D:7      | Found a deep blue altar of Sif Muna.
  6611 | D:7      | Found a burning altar of Makhleb.
  6732 | D:8      | Found a sacrificial altar of Ru.
  6794 | D:8      | Found a shadowy altar of Dithmenos.
  6799 | D:8      | Became a worshipper of Dithmenos the Shadowed
  6841 | D:8      | Reached skill level 5 in Short Blades
  6910 | D:8      | Found a white marble altar of Elyvilon.
  6919 | D:8      | Reached XP level 10. HP: 65/78 MP: 15/15
  7181 | D:9      | Reached skill level 5 in Fighting
  7613 | D:9      | Noticed a soul eater
  7773 | D:9      | Reached * piety under Dithmenos
  7995 | D:9      | Found a staircase to the Orcish Mines.
  8250 | D:10     | Entered Level 10 of the Dungeon
  8286 | D:10     | Reached skill level 1 in Long Blades
  8467 | D:10     | Reached ** piety under Dithmenos
  8611 | D:10     | Noticed a hill giant
  8624 | D:10     | Killed a hill giant
  8624 | D:10     | Reached XP level 11. HP: 60/93 MP: 11/16
  8672 | D:10     | Noticed a skeletal warrior
  8673 | D:10     | Noticed a skeletal warrior
  8726 | D:10     | Killed a skeletal warrior
  8848 | D:10     | Learned a level 4 spell: Summon Ice Beast
  8990 | D:10     | Noticed a skeletal warrior
  8993 | D:10     | Noticed a skeletal warrior
  9160 | D:10     | Noticed a skeletal warrior
  9180 | D:10     | Killed a skeletal warrior
  9184 | D:10     | Killed a skeletal warrior
  9187 | D:10     | Killed a skeletal warrior
  9208 | D:10     | Killed a skeletal warrior
  9562 | D:10     | Identified a scroll of acquirement
  9562 | D:10     | Got a dazzling rapier
  9565 | D:10     | Identified the +7 rapier of Rarieg {pierce, Str+6} (You acquired it on level 10 of the Dungeon)
  9614 | D:11     | Noticed a red ugly thing
  9671 | D:11     | Killed a red ugly thing
 10065 | D:11     | Found a staircase to the Lair.
 10074 | D:11     | Noticed a hill giant
 10109 | D:11     | Killed a hill giant
 10183 | D:11     | Noticed haplo13's ghost (journeyman CeHu)
 10190 | D:11     | Reached skill level 10 in Short Blades
 10598 | D:11     | Noticed a cyan ugly thing
 10609 | Lair:1   | Entered Level 1 of the Lair of Beasts
 10703 | Lair:1   | HP: 4/93 [poisoned by a spiny frog]
 10703 | Lair:1   | Mangled by a wolf

Vault maps used:
D:1:      roderic_crop_circles_arrival_small, roderic_cross_of_infinity
D:2:      grunt_gozag_statues, kiku_gazebo_garden_becter
D:3:      minmay_goblin_kobold_castle, nemelex_lonely_heart_becter
D:4:      marbit_many_paths, cheibrodos_ashenzari_chains, kennysheep_mini_moat,
          minmay_temple_entry_statues_fountains, first_bread,
          sigmund_edmund_badplayer
D:5:      tso_metal_star
D:6:      fedhas_bush_and_centaur_altar, kennysheep_little_box
D:7:      bloody_trog, gammafunk_temple_overflow_statue, grunt_ogre_cave,
          minivault_14, minmay_misc_feat_room
D:8:      lemuel_doored_altar, basic_altar, elyvilon_altar_4
D:9:      david_orc_3, lemuel_flamethrower_1
D:10:     hangedman_abyss_or_decor_stagger
D:11:     dpeg_lair_monsters, kennysheep_nub
Temple:   cyrus_temple_forest_13
Lair:1:   wad_woods_antlair

Skill      XL: |  1  2  3  4  5  6  7  8  9 10 11 |
---------------+----------------------------------+-----
Ice Magic      | 4 5 6 7 8 |  8.1
Spellcasting   | 3 4 5 |  5.0
Stealth        | 11 | 11.9
Short Blades   | 5 10 | 10.2
Fighting       | 3 7 |  7.7
Long Blades    | 4 |  4.0
Dodging        | |  1.7
Conjurations   | |  1.0

Action                   |  1- 3 |  4- 6 |  7- 9 | 10-12 || total
-------------------------+-------+-------+-------+-------++-------
Melee: Dagger            |   118 |   298 |   198 |   111 ||   725
       Tailslap          |    11 |    26 |    41 |    51 ||   129
       Great sword       |       |       |   152 |   190 ||   342
       Flail             |       |       |    24 |     1 ||    25
       Rapier            |       |       |       |   125 ||   125
Throw: Tomahawk          |       |       |       |     2 ||     2
 Cast: Freeze            |     3 |       |     7 |    44 ||    54
       Ozocubu's Armour  |       |       |    13 |    24 ||    37
       Summon Ice Beast  |       |       |       |     5 ||     5
Evoke: Wand              |       |       |       |     2 ||     2
  Use: Potion            |       |     1 |     2 |    17 ||    20
       Scroll            |       |       |    21 |     4 ||    25
 Stab: Sleeping          |     5 |     6 |    20 |     9 ||    40
       Distracted        |       |     1 |       |       ||     1
       Invisible         |       |       |       |     6 ||     6
  Eat: Chunk             |     1 |     7 |    16 |    17 ||    41
       Meat ration       |       |       |     1 |       ||     1
       Beef jerky        |       |       |     1 |       ||     1
       Pizza             |       |       |       |     1 ||     1
Armor: Skin              |    49 |    78 |   190 |   278 ||   595
Dodge: Dodged            |    90 |   217 |   197 |   376 ||   880
